 Dungeon Crawl Stone Soup version 0.30-a0-1050-g2766ea1e55 (webtiles) character file.

Game seed: 2576633392430717507

1183 Arcadio the Scholar of Death (level 8, -12/37 HPs)
             Began as a Vine Stalker Necromancer on Apr 10, 2023.
             Was a Follower of Kikubaaqudgha.
             Killed from afar by Maggie (32 damage)
             ... with a bolt of fire
             ... on level 6 of the Dungeon.
             The game lasted 00:09:51 (5343 turns).

Arcadio the Scholar of Death (VSNe)                 Turns: 5343, Time: 00:09:52

Health: -12/37     AC:  3    Str: 10    XL:     8   Next: 42%
Magic:  0/17       EV: 15    Int: 17    God:    Kikubaaqudgha [*.....]
Gold:   311        SH:  0    Dex: 19    Spells: 10/18 levels left

rFire   x . .      SeeInvis +    m - +7 war axe "Spiderbane" {elec, rF- Dex+3 Stlth+}
rCold   . . .      Faith    .    (no shield)
rNeg    . . .      Spirit   +    a - +0 robe
rPois   .          Reflect  .    (no helmet)
rElec   .          Rampage  .    (no cloak)
rCorr   .                        o - +0 pair of gloves
Will    ++...                    (no boots)
Stlth   +++                      (no amulet)
HPRegen 1.06/turn                d - ring of willpower
MPRegen 0.15/turn                v - ring of see invisible

@: no status effects
A: fangs 3, regeneration 1, magic shield, antimagic bite, no potion heal 2
a: Renounce Religion, Unearth Wretches


You were on level 6 of the Dungeon.
You worshipped Kikubaaqudgha.
Kikubaaqudgha was aware of your devotion.
You visited 2 branches of the dungeon, and saw 7 of its levels.

You collected 311 gold pieces.

Inventory:

Hand Weapons
 c - a +3 short sword
 m - the +7 war axe "Spiderbane" (weapon) {elec, rF- Dex+3 Stlth+}
   (You found it on level 2 of the Dungeon)

   Dex:       It affects your dexterity (+3).
   rF:        It makes you vulnerable to fire.
   Stlth:     It makes you more stealthy.
Armour
 a - a +0 robe (worn)
 n - a +0 buckler
 o - a +0 pair of gloves (worn)
Jewellery
 d - a ring of willpower (left hand)
 v - a ring of see invisible (right hand)
 A - a ring of positive energy
 C - a ring of willpower
Wands
 p - a wand of quicksilver (2)
 u - a wand of polymorph (4)
Scrolls
 f - 4 scrolls of teleportation
 g - a scroll of fear {unknown}
 h - a scroll of blinking {unknown}
 i - 2 scrolls of torment {unknown}
 j - a scroll of vulnerability {unknown}
 l - 3 scrolls of poison {unknown}
 r - 3 scrolls of noise {unknown}
 w - a scroll of enchant weapon {unknown}
 x - a scroll of enchant armour {unknown}
 y - a scroll of identify
 z - a scroll of acquirement {unknown}
 B - a scroll of magic mapping {unknown}
Potions
 b - 2 potions of magic
 e - 2 potions of lignification
 k - 2 potions of might
 q - a potion of curing {unknown}
 s - a potion of ambrosia {unknown}
 t - 2 potions of attraction {unknown}


   Skills:
 + Level 1.0 Fighting
 + Level 4.9 Dodging
 - Level 2.4 Stealth
 - Level 5.8 Spellcasting
 + Level 6.9 Necromancy


You had 10 spell levels left.
You knew the following spells:

 Your Spells              Type           Power      Damage    Failure   Level
a - Necrotise             Necr           100%       1d9       1%          1
b - Vampiric Draining     Necr           28%        2d8       2%          3
c - Animate Dead          Necr           28%        N/A       8%          4

Your spell library contained the following spells:

 Spells                   Type           Power      Damage    Failure   Level
 Kiss of Death            Conj/Necr      64%        2d10      3%          1
 Beastly Appendage        Tmut           8%         N/A       13%         1
 Blink                    Tloc           8%         N/A       21%         2
 Ensorcelled Hibernation  Hex/Ice        8%         N/A       21%         2
 Poisonous Vapours        Pois/Air       8%         N/A       21%         2
 Wereblood                Tmut           4%         N/A       21%         2
 Agony                    Necr           28%        N/A       21%         5
 Anguish                  Hex/Necr       8%         N/A       30%         4
 Mephitic Cloud           Conj/Pois/Air  4%         N/A       36%         3
 Spider Form              Tmut/Pois      4%         N/A       36%         3
 Manifold Assault         Tloc           4%         N/A       78%         4
 Freezing Cloud           Conj/Ice/Air   2%         6-21      98%         5
 Storm Form               Tmut/Air       2%         N/A       100%        7


Dungeon Overview and Level Annotations

Branches:
Dungeon (6/15) Zot: 26760  Temple (1/1) D:4 Zot: 5704

Altars:
Ashenzari
Cheibriados
Dithmenos
Elyvilon
Fedhas
Gozag
Hepliaklqana
Kikubaaqudgha
Makhleb
Nemelex Xobeh
Okawaru
Qazlal
Ru
Sif Muna
Trog
Uskayaw
Vehumet
Wu Jian
Xom
Yredelemnul
The Shining One

Shops:
D:4 (

Annotations:
D:6 Maggie


Innate Abilities, Weirdness & Mutations

You have razor-sharp teeth.
Your natural rate of healing is unusually fast.
When hurt, damage is shared between your health and your magic reserves.
Your bite disrupts and absorbs the magic of your enemies.
Potions cannot restore your health.


Message History

Things that are here:
a +1 dagger of flaming; a +0 robe You see here a +0 short sword.
Your orc skeleton crumbles into dust!
Things that are here:
a +1 dagger of flaming; a +0 robe Your orc skeleton crumbles into dust!
Your orc skeleton crumbles into dust!
Your orc wizard skeleton crumbles into dust!
You open the door.
There is an open door here.
C - a ring of willpower Maggie the Vainglorious comes into view.
She is wielding a +0 glaive of flaming.
The helpless Maggie fails to defend herself.
You hit Maggie. Lightning courses through Maggie!
Maggie is moderately wounded.
Maggie mumbles some strange words.
Maggie attempts to bespell you! You resist with almost no effort.
Maggie casts a spell.
Maggie attempts to bespell you! You resist with almost no effort.
You slash Maggie! Your bite misses Maggie.
Maggie is heavily wounded.
Maggie hits you with a +0 glaive of flaming!
Maggie burns you!
You hit Maggie.
Maggie is heavily wounded.
Maggie closely misses you.
Maggie hits you with a +0 glaive of flaming!
Maggie burns you.
Casting: Necrotise (safe; 1% risk of failure)
Confirm with . or Enter, or press ? or * to list all spells.
Aiming: Vampiric Draining (dangerous; 2% risk of failure)
Press: ? - help, Shift-Dir - straight line, f - Maggie
Aim: Maggie, wielding a +0 glaive of flaming and wearing +0 steam dragon scales (heavily wounded)
You draw life force from Maggie!
You feel life coursing into your body.
Maggie points at you and mumbles some strange words.
The bolt of fire hits you!! The fire burns you terribly!
Ouch! That really hurt!
You die...
Kikubaaqudgha rasps: "You have failed me!
Welcome... death!"

#####.######..'...##
#. ####....### #.
#......#
##...##.########
..................
#########..#######
#................#
#.########....##.#
#@# ####.##.# #@#
#.##.# ... #.##.#
....# #.##.# ......
#..#.# .......#
##...# ........#
##..# .........#
##.. #.#


You could see Maggie.

Vanquished Creatures
  2 ice beasts (D:5)
  A centaur (D:6)
  2 phantoms
  5 scorpions
  2 hounds
  2 orc priests (D:3)
  2 jellies (D:5)
  Ijyb (D:4)
  2 sleepcaps (D:5)
  2 iguanas
  An orc wizard (D:6)
  8 adders
  A worm (D:2)
  11 orcs
  8 bats
  5 endoplasms
  A giant cockroach (D:2)
  5 goblins
  3 hobgoblins
  2 jackals (D:2)
  5 kobolds
  5 quokkas
  4 ball pythons
  5 frilled lizards
  5 rats
90 creatures vanquished.

Vanquished Creatures (collateral kills)
  A ball python (D:2)
1 creature vanquished.

Grand Total: 91 creatures vanquished

Notes
Turn   | Place    | Note
-------+----------+-------------------------------------------
     0 | D:1      | Arcadio the Vine Stalker Necromancer began the quest for
                  | the Orb.
     0 | D:1      | Reached XP level 1. HP: 9/9 MP: 4/4
   286 | D:1      | Reached XP level 2. HP: 13/13 MP: 3/6
   419 | D:1      | Found a faded altar of an unknown god.
  1054 | D:2      | Reached XP level 3. HP: 15/16 MP: 2/8
  1437 | D:2      | Identified the +7 war axe "Spiderbane" {elec, rF- Dex+3
                  | Stlth+}
  1547 | D:2      | Learned a level 3 spell: Vampiric Draining
  1600 | D:2      | Gained mutation: Your natural rate of healing is unusually
                  | fast. [Vine Stalker growth]
  1600 | D:2      | Reached XP level 4. HP: 21/21 MP: 4/9
  2064 | D:3      | Learned a level 4 spell: Animate Dead
  2141 | D:3      | Reached XP level 5. HP: 20/24 MP: 7/11
  2228 | D:3      | Found a shadowy altar of Dithmenos.
  2400 | D:3      | Reached skill level 5 in Necromancy
  2866 | D:4      | Found a staircase to the Ecumenical Temple.
  2904 | D:4      | Noticed a phantom
  2913 | D:4      | Killed a phantom
  2914 | D:4      | Reached XP level 6. HP: 23/28 MP: 7/13
  2928 | Temple   | Entered the Ecumenical Temple
  3042 | Temple   | Became a worshipper of Kikubaaqudgha
  3448 | D:4      | Noticed Ijyb
  3477 | D:4      | Killed Ijyb
  3959 | D:4      | Found Yblig's Weapon Boutique.
  4280 | D:5      | Entered Level 5 of the Dungeon
  4364 | D:5      | Noticed an ice beast
  4367 | D:5      | Killed an ice beast
  4368 | D:5      | Reached XP level 7. HP: 32/32 MP: 13/15
  4388 | D:5      | Reached skill level 6 in Necromancy
  4438 | D:5      | Reached skill level 5 in Spellcasting
  4491 | D:5      | Identified the +1 pair of boots "Vathaipt" {rN+ Int+4 SInv
                  | Stlth-}
  4537 | D:5      | Found a snail-covered altar of Cheibriados.
  4540 | D:5      | Found a broken altar of Ashenzari.
  4650 | D:5      | Gained mutation: You have razor-sharp teeth. [Vine Stalker
                  | growth]
  4650 | D:5      | Reached XP level 8. HP: 36/36 MP: 17/17
  5197 | D:6      | Reached * piety under Kikubaaqudgha
  5197 | D:6      | Received a gift from Kikubaaqudgha
  5209 | D:6      | Reached skill level 1 in Fighting
  5337 | D:6      | Noticed Maggie
  5343 | D:6      | Killed from afar by Maggie

Illustrated notes

Levels and vault maps discovered:
D:1:      onia_arrival_pentagram, layout_basic,
          hellmonk_ecumenical_altar_lost_god, chequers_serial_rivers_small_a,
          kennysheep_crisscross
D:2:      layout_rooms
D:3:      layout_loops_cross, nicolae_dithmenos_through_a_glass_darkly,
          minmay_misc_feat_x, grunt_ministairs_14
D:4:      layout_layer_cave, temple_statues, serial_shops,
          nicolae_take_the_stairs, kennysheep_another_room, uniq_ijyb
D:5:      layout_loops_ring, nicolae_overflow_squiral, nicolae_sextant
D:6:      layout_basic, uniq_maggie
Temple:   dpeg_five_rooms_temple

Skill      XL: |  1  2  3  4  5  6  7  8 |
---------------+-------------------------+-----
Dodging        | 2 3 4 |  4.9
Spellcasting   | 3 4 5 |  5.8
Necromancy     | 5 6 |  6.9
Fighting       | 1 |  1.0
Stealth        | |  2.4

Action                     |  1- 3 |  4- 6 |  7- 9 || total
---------------------------+-------+-------+-------++-------
  Melee: Short sword       |    20 |       |       ||    20
         War axe           |     2 |    27 |    34 ||    63
         Bite              |     1 |     1 |     8 ||    10
   Cast: Necrotise         |    52 |    45 |    18 ||   115
         Vampiric Draining |       |     2 |     2 ||     4
    Use: Scroll            |       |     4 |       ||     4
   Stab: Sleeping          |     3 |     2 |     6 ||    11
         Distracted        |       |     1 |       ||     1
 Armour: Robe              |     7 |     1 |     4 ||    12
         Skin              |       |     5 |       ||     5
  Dodge: Dodged            |    10 |    14 |    19 ||    43

Table legend: (Time is in decaauts)
 A = Elapsed time spent in this place.
 B = Non-inter-level travel time spent in this place.
 C = Inter-level travel time spent in this place.
 D = Time resting spent in this place.
 E = Time spent auto-exploring this place.
 F = Levels seen in this place.
 G = Mean time per level.
                   A        B        C        D        E       F      G
               +--------+--------+--------+--------+--------+-----+--------+
         Total |   5372 |   5142 |    230 |     70 |   4458 |   7 |  767.4 |
       Dungeon |   5077 |   4896 |    181 |     70 |   4227 |   6 |  846.2 |
        Temple |    295 |    246 |     49 |      0 |    231 |   1 |  295.0 |
               +--------+--------+--------+--------+--------+-----+--------+

Top non-repeatable levels by time:
     D:4: 1293 daAuts
     D:1: 1013 daAuts
     D:2: 901 daAuts
     D:5: 841 daAuts
     D:3: 787 daAuts
  Temple: 295 daAuts
     D:6: 238 daAuts
